 Dungeon Crawl Stone Soup version 0.32-a0-290-g598725c5f2 (webtiles) character file.

Game seed: 8057273121520163250

4 Bravepunisher the Ducker (level 1, 11/11 HPs)
             Began as a Spriggan Monk on Feb 13, 2024.
             Quit the game in the Ecumenical Temple.
             The game lasted 00:01:26 (180 turns).

Bravepunisher the Ducker (Spriggan Monk)             Turns: 180, Time: 00:01:27

Health: 11/11      AC:  2    Str:  7    XL:     1   Next: 58%
Magic:  2/2        EV: 19    Int: 11    God:
Gold:   0          SH:  0    Dex: 17    Spells: 0/0 levels left

rFire   . . .        a - +0 short sword
rCold   . . .        (no shield)
rNeg    . . .        b - +0 robe
rPois   .            (helmet restricted)
rElec   .            (no cloak)
rCorr   .            (gloves unavailable)
SInv    +            (boots unavailable)
Will    .....        (no amulet)
Stlth   ++           (no ring)
HPRegen 0.21/turn    (no ring)
MPRegen 0.08/turn

%: no passive effects
@: very quick
A: very small, no large weapons, unfitting armour, see invisible, speed 3
a: no special abilities


You were in the Ecumenical Temple.
You visited 2 branches of the dungeon, and saw 7 of its levels.

Inventory:

Hand Weapons
 a - a +0 short sword (weapon)
Armour
 b - a +0 robe (worn)
Scrolls
 d - a scroll of revelation {unknown}
Potions
 c - a potion of ambrosia


   Skills:
 + Level 2.5 Fighting
 - Level 3.2 Short Blades
 * Level 4.3 Dodging


You couldn't memorise any spells.
You didn't know any spells.
Your spell library was empty.

Dungeon Overview and Level Annotations

Branches:
Dungeon (6/15)             Temple (1/1) D:6

Altars:
Dithmenos
Kikubaaqudgha
Nemelex Xobeh
Okawaru
Qazlal
Sif Muna
Uskayaw
Vehumet
Wu Jian
Xom
Zin
The Shining One

Shops:
D:5 !

Annotations:
D:6 Prince Ribbit


Innate Abilities, Weirdness & Mutations

You are very small and have problems with some larger weapons.
You are too small for most types of armour.
You have supernaturally acute eyesight. (SInv)
You cover ground extremely quickly. (Speed+++)


Message History

The iguana hisses angrily.
There is an open door here.
You close the door.
There is a stone staircase leading down here.
You climb downwards.
The howler monkey howls!
There is a stone staircase leading up here.
Found a coppery potion.
Found a stone staircase leading down.
Found Ylaisyn's Distillery.
The howler monkey hoots and howls with incredible vigour!
You hear a shout!
There is a stone staircase leading down here.
You climb downwards.
Prince Ribbit gives a loud, deep croak!
The bullfrog gives a loud, deep croak!
You hear a shout!
There is a stone staircase leading up here.
Found a club.
An orc wizard comes into view. It is wielding a +0 dagger.
An orc comes into view. It is wielding a +0 morningstar.
The orc wizard moves out of view.
The orc wizard shouts!
An orc priest comes into view. It is wielding a +0 hand axe.
The orc wizard mumbles some strange words.
The orc wizard flickers and vanishes for a moment.
You hear a shout!
Unknown command.
Prince Ribbit attacks as he pursues you!
Prince Ribbit closely misses you.
Prince Ribbit blinks!
Found three items.
Found a staircase to the Ecumenical Temple.
Found 16 gold pieces.
Found 2 inky potions and a rapier.
Found a tubular sapphire ring.
There is a staircase to the Ecumenical Temple here.
You climb downwards.
Welcome to the Ecumenical Temple!
Found two altars.
Found a staircase back to the Dungeon.
There is a staircase back to the Dungeon here.
Are you sure you want to abandon this character and quit the game? (Confirm with "yes".)

♣♣≈≈≈≈≈♣♣♣♣♣ ♣♣≈≈≈≈≈
♣♣≈≈≈≈≈≈~~~~♣♣♣ ♣♣♣♣≈≈~≈~≈
♣≈≈≈≈≈≈~..~~~~♣♣♣ ♣♣~~≈≈≈.~~~
♣♣≈≈≈~~.......~~~♣♣♣~~≈≈~...~~
♣≈≈≈~~.~.~.....~~~~~~≈~~....~~
♣≈≈≈~...♣♣.~....~~~~~≈..~.~.~.
♣≈≈~~._...~..§....~~.......~~.
♣♣≈~....♣..~~...♣♣.......~~~~.
♣≈~...♣~..♣.@.§..♣.♣._.~..~~.
♣♣~...♣§.........♣♣.......~~~
♣≈~...............♣.~..♣.~~~
♣♣≈.♣..........♣......~..~~~
♣~~........♣♣~.~.....~♣..~~
♣♣~......_..♣~.....~.♣♣..~≈
♣♣...♣♣......§.~~...♣♣...~
♣..~.♣♣.....~♣♣....♣♣._.~
♣♣.~~...♣♣._.~♣♣...♣.♣...~


There were no monsters in sight!

Vanquished Creatures
  A giant cockroach (D:1)
  A bat (D:2)
  A kobold (D:1)
3 creatures vanquished.

Notes
Turn   | Place    | Note
-------+----------+-------------------------------------------
     0 | D:1      | Bravepunisher the Spriggan Monk began the quest for the
                  | Orb.
     0 | D:1      | Reached XP level 1. HP: 11/11 MP: 2/2
   113 | D:4      | Noticed an iguana
   119 | D:5      | Entered Level 5 of the Dungeon
   119 | D:5      | Noticed a howler monkey
   137 | D:5      | Found Ylaisyn's Distillery.
   156 | D:6      | Noticed Prince Ribbit
   156 | D:6      | Noticed a bullfrog
   156 | D:6      | Noticed a bullfrog
   160 | D:6      | Noticed an orc wizard
   161 | D:6      | Noticed an orc priest
   170 | D:6      | Found a staircase to the Ecumenical Temple.
   179 | Temple   | Entered the Ecumenical Temple
   180 | Temple   | Quit the game

Illustrated notes

Levels and vault maps discovered:
D:1:      minmay_arrival_four_loops, layout_loops_ring
D:2:      layout_rooms, serial_shops, nicolae_shop_statue_plus
D:3:      layout_basic, serial_shops, shop, shapermc_ecumenical_altar_venn,
          gammafunk_ghost_gnarly_gnolls, grunt_decor_resistance, uniq_ijyb,
          uniq_crazy_yiuf_cottage
D:4:      layout_basic, serial_aquarium, aquarium_bridge_straight
          [aquarium_subvault_bridge, aquarium_subvault_wall,
          aquarium_subvault_bridge, aquarium_subvault_window],
          aquarium_window_2, aquarium_window_fake, aquarium_window_1,
          aquarium_view_2a, aquarium_view_2f, aquarium_pool_2,
          portal_sewer_entry_d, uniq_robin
D:5:      layout_cave_pods, serial_shops, nicolae_shop_stone, shop, shop, shop,
          shop_statue, dk_noncrumbling_2, nicolae_twisty_statue_hallways
D:6:      minmay_klotski, layout_cave_pools, minmay_temple_entry_offerings,
          dreamdust_mushroom_princess, minmay_fractal_squares_5,
          uniq_prince_ribbit1
Temple:   nicolae_temple_bog_church

Action                     || total
---------------------------++-------
  Melee: Short sword       ||     8
 Armour: Robe              ||     4
  Dodge: Dodged            ||    12

Table legend: (Time is in decaauts)
 A = Elapsed time spent in this place.
 B = Non-inter-level travel time spent in this place.
 C = Inter-level travel time spent in this place.
 D = Time resting spent in this place.
 E = Time spent auto-exploring this place.
 F = Levels seen in this place.
 G = Mean time per level.
                   A        B        C        D        E       F      G
               +--------+--------+--------+--------+--------+-----+--------+
         Total |    118 |    118 |      0 |      0 |     20 |   7 |   16.9 |
       Dungeon |    117 |    117 |      0 |      0 |     20 |   6 |   19.5 |
        Temple |      0 |      0 |      0 |      0 |      0 |   1 |    0.0 |
               +--------+--------+--------+--------+--------+-----+--------+

Top non-repeatable levels by time:
     D:1: 41 daAuts
     D:2: 24 daAuts
     D:5: 22 daAuts
     D:6: 14 daAuts
     D:4: 9 daAuts
     D:3: 4 daAuts
  Temple: 0 daAuts
